 Dungeon Crawl Stone Soup version 0.30.1-4-g462c640d31 (webtiles) character file.

Game seed: 14266446093946125272

3475 Babbit the Cleaver (level 9, 0/80 HPs)
             Began as a Minotaur Fighter on Aug 23, 2023.
             Was a Believer of Okawaru.
             Killed from afar by Logoto's ghost (6 damage)
             ... with a magic dart
             ... on level 8 of the Dungeon.
             The game lasted 00:34:06 (6118 turns).

Babbit the Cleaver (Minotaur Fighter)               Turns: 6118, Time: 00:34:08

Health: 0/80       AC: 16    Str: 29    XL:     9   Next: 79%
Magic:  6/8        EV: 14    Int:  5    God:    Okawaru [**....]
Gold:   286        SH:  7    Dex: 13    Spells: 8/8 levels left

rFire   + . .        M - +1 flail "Narawk" {venom, Fly rC+ Str+4 Dex+3}
rCold   + . .        c - +0 buckler
rNeg    . . .        h - +3 scale mail {Will+}
rPois   .            (helmet restricted)
rElec   .            w - +0 cloak
rCorr   .            (no gloves)
SInv    .            B - +1 pair of boots
Will    +....        n - amulet of regeneration
Stlth   ++           m - ring of protection from fire
HPRegen 1.13/turn    (no ring)
MPRegen 0.11/turn

%: no passive effects
@: lethally poisoned (0 -> -3), about to teleport, heroic, flying, slowed, very
slow
A: horns 2, retaliatory headbutt
a: Renounce Religion, Heroism


You were on level 8 of the Dungeon.
You worshipped Okawaru.
Okawaru was pleased with you.
You visited 2 branches of the dungeon, and saw 9 of its levels.

You collected 286 gold pieces.

Inventory:

Hand Weapons
 a - a +0 war axe
 f - a +0 halberd of flaming
 M - the +1 flail "Narawk" (weapon) {venom, Fly rC+ Str+4 Dex+3}
   (You found it on level 6 of the Dungeon)

   Str:       It affects your strength (+4).
   Dex:       It affects your dexterity (+3).
   rC:        It protects you from cold.
   Fly:       It grants you flight.
Missiles
 K - 9 javelins (quivered)
Armour
 c - a +0 buckler (worn)
 h - a +3 scale mail of willpower (worn)
 w - a +0 cloak (worn)
 B - a +1 pair of boots (worn)
Jewellery
 m - a ring of protection from fire (left hand)
 n - an amulet of regeneration (around neck)
 q - an amulet of faith
 I - a ring of positive energy
 S - a ring of flight
Wands
 k - a wand of iceblast (12)
 p - a wand of light (23)
Scrolls
 b - a scroll of fear {unknown}
 i - 2 scrolls of teleportation
 j - a scroll of vulnerability {unknown}
 l - a scroll of acquirement {unknown}
 s - a scroll of enchant armour
 u - a scroll of fog
 v - a scroll of summoning {unknown}
 x - a scroll of enchant weapon {unknown}
 D - a scroll of amnesia {unknown}
 E - a scroll of immolation {unknown}
 L - a scroll of blinking {unknown}
 N - a scroll of magic mapping {unknown}
 P - a scroll of brand weapon {unknown}
Potions
 d - a potion of might
 g - 2 potions of brilliance
 o - a potion of resistance
 r - 2 potions of flight {unknown}
 t - 2 potions of ambrosia
 z - 3 potions of lignification
 F - a potion of degeneration {unknown}
 G - a potion of magic {unknown}
 J - 2 potions of haste {unknown}
 O - a potion of berserk rage {unknown}
 Q - a potion of cancellation {unknown}
 R - a potion of invisibility {unknown}


   Skills:
 + Level 7.6(12.6) Fighting
 + Level 9.9(15.7) Axes
 + Level 6.2(13.9) Maces & Flails
 + Level 1.8(6.8) Throwing
 + Level 7.3(12.3) Armour
 + Level 4.7(9.7) Dodging
 + Level 0.9(5.9) Stealth
 + Level 5.9(10.9) Shields
 + Level 0.1 Invocations


You had 8 spell levels left.
You didn't know any spells.
Your spell library contained the following spells:

 Spells                   Type           Power      Damage    Failure   Level
 Ensorcelled Hibernation  Hex/Ice        0%         N/A       85%         2
 Passwall                 Tmut/Erth      0%         N/A       85%         2
 Static Discharge         Conj/Air       0%         2-2/arc   85%         2
 Swiftness                Air            0%         N/A       97%         3
 Airstrike                Air            0%         2d(0-16)  100%        4
 Summon Lightning Spire   Summ/Air       Unusable   N/A       N/A         4

Dungeon Overview and Level Annotations

Branches:
Dungeon (8/15)             Temple (1/1) D:4
   Lair: D:8-11

Altars:
Ashenzari
Cheibriados
Dithmenos
Fedhas
Gozag
Hepliaklqana
Kikubaaqudgha
Makhleb
Nemelex Xobeh
Okawaru
Qazlal
Ru
Sif Muna
Trog
Uskayaw
Vehumet
Wu Jian
Xom
Yredelemnul
The Shining One

Shops:
D:1 :   D:7 *

Annotations:
D:8 Logoto's ghost, novice DrFE


Innate Abilities, Weirdness & Mutations

You have a pair of horns on your head.
You reflexively headbutt those who attack you in melee.


Message History

Logoto's ghost is lightly damaged.
You feel very sick.
Logoto's ghost hits you but does no damage.
You are more poisoned.
You block Logoto's ghost's attack.
You gain the combat prowess of a mighty hero.
You feel extremely sick.
Logoto's ghost hits you but does no damage.
You are more poisoned.
You closely miss Logoto's ghost. Your headbutt misses Logoto's ghost.
Logoto's ghost is lightly damaged.
You feel very sick.
Logoto's ghost gestures at you while chanting.
The magic dart hits you!
* * * LOW HITPOINT WARNING * * *
Okay, then.
Okay, then.
You sock Logoto's ghost! Your headbutt misses Logoto's ghost.
Logoto's ghost is lightly damaged.
You feel very sick.
Logoto's ghost hits you but does no damage.
You are more poisoned.
You hit Logoto's ghost but do no damage.
Logoto's ghost is lightly damaged.
* * * LOW HITPOINT WARNING * * *
You feel very sick. Logoto's ghost barely misses you.
You hit Logoto's ghost but do no damage.
Logoto's ghost is lightly damaged.
* * * LOW HITPOINT WARNING * * *
You feel very sick. Logoto's ghost closely misses you. You furiously retaliate!
You headbutt Logoto's ghost.
As you read the scroll of teleportation, it crumbles to dust.
You feel strangely unstable.
* * * LOW HITPOINT WARNING * * *
You feel very sick.
Logoto's ghost gestures at you while chanting.
The magic dart hits you.
You die...

#.......####...))....##
##......####....#.#....
#.#.......##.....####....
#.........#.......##.....
..####..###..#........#.#
..##.##.########......###
.........#.#.#.###)#.##
....#.#..#.....# #.### ..
###.@'...$8# ###
#....W...).#
#.......'...$8#
...#....#....?#
.##...!.#.#.#.#
##..######### ##. ..


You could see Logoto's ghost.

Vanquished Creatures
  Pikel (D:7)
  Maggie (D:7)
  A hornet (D:7)
  A wraith (D:8)
  2 steam dragons
  Menkaure (D:4)
  2 water moccasins (D:7)
  An orc warrior (D:6)
  A sky beast (D:7)
  2 black bears (D:4)
  2 ogres (D:5)
  A centaur (D:7)
  2 bullfrogs
  A gnoll sergeant (D:8)
  3 scorpions
  3 wights (D:4)
  A jelly (D:5)
  2 orc priests
  4 hounds
  An iguana (D:4)
  Terence (D:2)
  Jessica (D:2)
  3 sleepcaps
  3 orc wizards
  18 gnolls
  3 adders
  2 shadow imps
  A white imp (D:7)
  4 worms
  2 dart slugs
  16 orcs
  9 ball pythons
  6 endoplasms
  3 giant cockroaches
  7 hobgoblins
  3 jackals (D:1)
  5 quokkas
  3 bats
  A frilled lizard (D:1)
  6 goblins
  2 kobolds
  6 rats
138 creatures vanquished.

Notes
Turn   | Place    | Note
-------+----------+-------------------------------------------
     0 | D:1      | Babbit the Minotaur Fighter began the quest for the Orb.
     0 | D:1      | Reached XP level 1. HP: 19/19 MP: 0/0
    98 | D:1      | Reached XP level 2. HP: 24/27 MP: 1/1
   218 | D:1      | Found Ycrohiomi's Vocational Training.
   531 | D:1      | Reached skill level 3 in Axes
   666 | D:1      | Reached XP level 3. HP: 33/33 MP: 2/2
  1325 | D:2      | Noticed Terence
  1331 | D:2      | Killed Terence
  1634 | D:2      | Reached XP level 4. HP: 35/40 MP: 3/3
  1891 | D:2      | Noticed Jessica
  1896 | D:2      | Killed Jessica
  1897 | D:2      | Reached skill level 4 in Axes
  2326 | D:3      | Reached XP level 5. HP: 46/46 MP: 4/4
  2350 | D:3      | Reached skill level 5 in Axes
  2799 | D:4      | You fall into a shaft and drop 3 floors!
  2836 | D:7      | Noticed a water moccasin
  2860 | D:7      | Killed a water moccasin
  2861 | D:7      | Reached skill level 6 in Axes
  2861 | D:7      | Reached skill level 5 in Armour
  2861 | D:7      | Reached skill level 1 in Dodging
  2861 | D:7      | Reached XP level 6. HP: 39/55 MP: 5/5
  2938 | D:7      | Noticed a sky beast
  2949 | D:7      | Killed a sky beast
  2950 | D:7      | Reached skill level 5 in Fighting
  2950 | D:7      | Reached XP level 7. HP: 52/61 MP: 6/6
  3030 | D:7      | Reached skill level 7 in Axes
  3255 | D:5      | Entered Level 5 of the Dungeon
  3364 | D:4      | Noticed Menkaure
  3372 | D:4      | Killed Menkaure
  3621 | D:4      | Found a staircase to the Ecumenical Temple.
  3637 | D:4      | Reached skill level 8 in Axes
  3641 | D:4      | Reached XP level 8. HP: 61/68 MP: 7/7
  3646 | Temple   | Entered the Ecumenical Temple
  3746 | Temple   | Became a worshipper of Warmaster Okawaru
  3804 | D:4      | Reached skill level 5 in Shields
  3978 | D:4      | Found a bloodstained altar of Trog.
  4103 | D:5      | Found an ornate altar of the Wu Jian Council.
  4187 | D:5      | Reached skill level 9 in Axes
  4203 | D:5      | Found a snail-covered altar of Cheibriados.
  4212 | D:5      | Reached * piety under Okawaru
  4327 | D:5      | Found a broken altar of Ashenzari.
  4603 | D:6      | Reached skill level 1 in Throwing
  4659 | D:6      | Identified the +1 flail "Narawk" {venom, Fly rC+ Str+4
                  | Dex+3}
  5207 | D:7      | Reached XP level 9. HP: 78/78 MP: 8/8
  5225 | D:7      | Noticed Maggie
  5235 | D:7      | Killed Maggie
  5385 | D:7      | Noticed Pikel
  5396 | D:7      | Killed Pikel
  5396 | D:7      | Reached ** piety under Okawaru
  5564 | D:7      | Found Nejat's Serpentskin Sales.
  5612 | D:7      | Paralysed by a hornet for 1 turns
  5614 | D:7      | Reached skill level 5 in Maces & Flails
  5653 | D:7      | Found a stormy altar of Qazlal.
  5756 | D:7      | Found a glowing golden altar of the Shining One.
  6089 | D:8      | Found a runed translucent gate.
  6090 | D:8      | Found a runed translucent gate.
  6090 | D:8      | Found a runed translucent gate.
  6092 | D:8      | Noticed Logoto's ghost (novice DrFE)
  6118 | D:8      | Killed from afar by Logoto's ghost

Illustrated notes

Levels and vault maps discovered:
D:1:      doesnt_arrival_eight_statues, layout_loops_corners, serial_forest,
          infiniplex_forest_end_2, infiniplex_forest_straight_4,
          infiniplex_forest_zigzag_1, infiniplex_forest_zigzag_1,
          infiniplex_forest_lined_2, infiniplex_forest_clump_small,
          nicolae_shop_vocational
D:2:      layout_loops_ring, serial_bayou, serial_bayou_pond_c,
          serial_bayou_lagoon_a, serial_bayou_ford_a, serial_bayou_pond_c,
          uniq_terence, uniq_jessica
D:3:      layout_loops_ring
D:4:      dreamdust_elfheim, layout_rooms, lightli_temple_of_fire,
          minmay_temple_entry_wispy, nicolae_grassy_gnolls, uniq_menkaure
D:5:      layout_rooms, nicolae_wu_jian_wuxing_cycle,
          nicolae_ashenzari_panopticon, mainiacjoe_overflow_paths
D:6:      layout_cave_pools
D:7:      layout_loops_corners, nicolae_qazlal_style_of_elements,
          nicolae_tso_swordbearing_angel, guppyfry_shop_venom, uniq_pikel,
          uniq_maggie
D:8:      layout_cave_pools, old_standard_altar, gammafunk_ghost_spectres,
          uniq_joseph
Temple:   nicolae_temple_bog_church

Skill      XL: |  1  2  3  4  5  6  7  8  9 |
---------------+----------------------------+-----
Armour         | 4 5 6 7 |  7.3
Axes           | 3 4 6 8 9 |  9.9
Fighting       | 4 5 6 7 |  7.6
Shields        | 4 5 |  5.9
Dodging        | 1 2 3 4 |  4.7
Throwing       | 1 |  1.8
Maces & Flails | 6 |  6.2
Stealth        | |  0.9
Invocations    | |  0.1

Action                     |  1- 3 |  4- 6 |  7- 9 || total
---------------------------+-------+-------+-------++-------
  Melee: War axe           |   247 |   102 |   125 ||   474
         Headbutt          |    67 |    22 |    37 ||   126
         Flail             |       |       |    97 ||    97
  Throw: Boomerang         |       |       |     8 ||     8
         Javelin           |       |       |     8 ||     8
 Invoke: Heroism           |       |       |     2 ||     2
    Use: Scroll            |       |     1 |    11 ||    12
         Potion            |       |     1 |     4 ||     5
 Armour: Scale mail        |    21 |    41 |   106 ||   168
  Dodge: Dodged            |    31 |    44 |   103 ||   178
  Block: Buckler           |    16 |    14 |    60 ||    90
